 Dungeon Crawl Stone Soup version 0.29.1-12-g30fa7ad0bf (webtiles) character file.

Game seed: 9671574911537169108

562 Peloso the Slasher (level 7, -8/60 HPs)
             Began as a Minotaur Fighter on Jan 1, 2023.
             Mangled by a steam dragon (11 damage)
             ... on level 5 of the Dungeon.
             The game lasted 00:07:42 (3653 turns).

Peloso the Slasher (Minotaur Fighter)               Turns: 3653, Time: 00:07:43

Health: -8/60      AC:  0    Str: 21    XL:     7   Next: 10%
Magic:  6/6        EV:  8    Int:  5    God:
Gold:   275        SH:  5    Dex: 11    Spells: 6/6 levels left

rFire   . . .      SeeInvis .   a - +0 long sword
rCold   . . .      Faith    .   d - +0 buckler
rNeg    . . .      Spirit   .   t - +0 chain mail
rPois   .          Reflect  .   (helmet restricted)
rElec   .          Harm     .   (no cloak)
rCorr   .          Rampage  .   (no gloves)
Will    .....                   m - +0 pair of boots
Stlth   ..........              o - amulet of regeneration
HPRegen 1.00/turn               (no ring)
MPRegen 0.10/turn               (no ring)

@: mighty, corroded, invisible
A: horns 2, retaliatory headbutt
a: no special abilities


You were on level 5 of the Dungeon.
You visited 2 branches of the dungeon, and saw 6 of its levels.

You collected 275 gold pieces.

Inventory:

Hand Weapons
 a - a +0 long sword (weapon)
Missiles
 c - 4 silver boomerangs (quivered)
Armour
 b - a +0 scale mail
 d - a +0 buckler (worn)
 m - a +0 pair of boots (worn)
 t - a +0 chain mail (worn)
Jewellery
 o - an amulet of regeneration (around neck)
Wands
 l - a wand of roots (2)
Scrolls
 g - a scroll of teleportation
 h - 2 scrolls of amnesia {unknown}
 i - a scroll of butterflies {unknown}
 j - a scroll of fear {unknown}
 k - a scroll of enchant armour {unknown}
 n - a scroll of silence {unknown}
 p - a scroll of noise {unknown}
 s - a scroll of blinking {unknown}
Potions
 q - 2 potions of magic
 r - 2 potions of invisibility


   Skills:
 + Level 4.9 Fighting
 + Level 6.2 Long Blades
 + Level 5.7 Armour
 + Level 2.3 Dodging
 + Level 0.1 Stealth
 + Level 4.6 Shields


You had 6 spell levels left.
You didn't know any spells.
Your spell library contained the following spells:

 Spells                   Type           Power      Damage    Failure   Level
 Freeze                   Ice            0%         1d3       99%         1
 Frozen Ramparts          Ice            0%         1d1       100%        3
 Hailstorm                Conj/Ice       0%         3d3       100%        4


Dungeon Overview and Level Annotations

Branches:
Dungeon (5/15)             Temple (1/1) D:4

Altars:
Cheibriados
Dithmenos
Elyvilon
Fedhas
Hepliaklqana
Kikubaaqudgha
Nemelex Xobeh
Qazlal
Sif Muna
Trog
Xom
Yredelemnul
The Shining One

Shops:
D:4 [

Annotations:
D:3 3 runed translucent doors, DildoBatman's ghost, weakling FoCj


Innate Abilities, Weirdness & Mutations

You have a pair of horns on your head.
You reflexively headbutt those who attack you in melee.


Message History

The jelly quivers.
The jelly closely misses you.
A jelly is nearby!
A jelly is nearby!
You completely miss the jelly.
You hear an angry hiss.
The jelly hits you but does no damage.
A steam dragon comes into view.
You hit the jelly but do no damage. The acid corrodes you!
Your hands burn!
You headbutt the jelly.
The jelly is moderately wounded.
The jelly closely misses you.
You hit the jelly but do no damage. The acid corrodes you!
Your hands burn!
The jelly is moderately wounded.
The jelly barely misses you.
You hit the jelly but do no damage. The acid corrodes you!
Your hands burn!
The jelly is moderately wounded.
You block the jelly's attack.
You slash the jelly!
You kill the jelly!
You feel very mighty all of a sudden. The steam dragon bites you!
The steam dragon claws you.
You barely miss the steam dragon. The steam dragon barely misses you.
You furiously retaliate!
You headbutt the steam dragon, but do no damage.
The steam dragon claws you.
You slash the steam dragon!
The steam dragon is moderately wounded.
The steam dragon bites you! The steam dragon claws you.
The steam dragon bites you!
* * * LOW HITPOINT WARNING * * *
The steam dragon claws you.
* * * LOW HITPOINT WARNING * * *
It was a potion of magic.
Magic courses through your body. You block the steam dragon's attack.
The steam dragon claws you.
* * * LOW HITPOINT WARNING * * *
It was a potion of invisibility.
You fade into invisibility!
The steam dragon bites you!
You die...

###########
###.........#
#..#......#.#
####
#...#....#..#
...#
#....#..#...#
##.#
#.....#.....#
#.#
#.....##...^#
#.#
###.###..#..#
#.# ##.# #.#@#.#
.#.######..#
#.D#..#
.#....)...## #..
.##
###..##.######..
..
#....##)....##..
#..
#.#.###.)#####..
.$. #.#..!...#
#.# ....
#.<.#.#.## #.
..... #####.#..#


You could see a steam dragon (unable to see you).

Vanquished Creatures
  A black bear (D:4)
  An ogre (D:4)
  A hound (D:4)
  An orc priest (D:4)
  A jelly (D:5)
  4 orc wizards
  3 gnolls (D:4)
  7 adders
  An ufetubus (D:4)
  A worm (D:2)
  A dart slug (D:1)
  16 orcs
  7 endoplasms
  2 giant cockroaches
  6 hobgoblins
  10 kobolds
  3 quokkas
  5 ball pythons
  6 bats
  5 frilled lizards
  3 goblins
  5 rats
90 creatures vanquished.

Vanquished Creatures (others)
  6 plants (D:3)
6 creatures vanquished.

Grand Total: 96 creatures vanquished

Notes
Turn   | Place    | Note
-------+----------+-------------------------------------------
     0 | D:1      | Peloso the Minotaur Fighter began the quest for the Orb.
     0 | D:1      | Reached XP level 1. HP: 19/19 MP: 0/0
   143 | D:1      | Reached XP level 2. HP: 27/27 MP: 1/1
   559 | D:1      | Found a faded altar of an unknown god.
   792 | D:2      | Reached skill level 3 in Long Blades
   792 | D:2      | Reached XP level 3. HP: 33/33 MP: 2/2
  1407 | D:2      | Reached XP level 4. HP: 40/40 MP: 3/3
  1824 | D:3      | Reached skill level 4 in Long Blades
  1944 | D:3      | Found a runed translucent gate.
  1944 | D:3      | Found a runed translucent gate.
  1944 | D:3      | Found a runed translucent gate.
  1944 | D:3      | Identified the +10 sling "Cefeonum" {venom, rPois MP+9
                  | Dex+6}
  1944 | D:3      | Identified the +0 leather armour "Gyrchol" {rC+}
  1949 | D:3      | Noticed DildoBatman's ghost (weakling FoCj)
  2533 | D:4      | Found Adelala's Antique Armour Boutique.
  2533 | D:4      | Found a staircase to the Ecumenical Temple.
  2551 | Temple   | Entered the Ecumenical Temple
  2644 | D:4      | Found an ancient bone altar of Kikubaaqudgha.
  2674 | D:4      | Reached skill level 1 in Dodging
  2674 | D:4      | Reached XP level 5. HP: 46/46 MP: 4/4
  2880 | D:4      | Reached skill level 5 in Long Blades
  2887 | D:4      | Reached skill level 5 in Armour
  2919 | D:4      | Noticed an ogre
  2922 | D:4      | Killed an ogre
  2923 | D:4      | Reached XP level 6. HP: 31/53 MP: 5/5
  3360 | D:5      | Entered Level 5 of the Dungeon
  3406 | D:4      | Reached skill level 6 in Long Blades
  3588 | D:5      | Reached XP level 7. HP: 55/60 MP: 6/6
  3644 | D:5      | Noticed a steam dragon
  3652 | D:5      | HP: 2/60 [steam dragon (4)]
  3653 | D:5      | Mangled by a steam dragon

Illustrated notes

Levels and vault maps discovered:
D:1:      onia_arrival_pyramid, layout_loops_ring,
          dreamdust_ecumenical_altar_angels_and_demons, minmay_tripent
D:2:      layout_loops_cross, due_unseen_surprise
D:3:      layout_rooms, biasface_ghost_orc_armoury, lexackson_kobold_supper
D:4:      layout_loops_ring, mainiacjoe_overflow_small_starburst,
          minmay_temple_entry_mist, serial_shops, shop, minivault_23
D:5:      layout_basic, lemuel_crystal_altar, eat_drink_and_be_merry_uskayaw,
          ebering_ghost_sewer_d, minmay_door_square, dk_noncrumbling_2,
          hangedman_decor_slide_cut
Temple:   minmay_temple_bridge_abc

Skill      XL: |  1  2  3  4  5  6 |
---------------+-------------------+-----
Fighting       | 4 |  4.9
Armour         | 4 5 |  5.7
Shields        | 4 |  4.6
Long Blades    | 3 4 5 6 |  6.2
Dodging        | 1 2 |  2.3
Stealth        | |  0.1

Action                   |  1- 3 |  4- 6 |  7- 9 || total
-------------------------+-------+-------+-------++-------
Melee: Long sword        |    77 |   172 |     7 ||   256
       Headbutt          |    12 |    20 |     1 ||    33
  Use: Scroll            |       |     5 |       ||     5
       Potion            |       |     1 |     3 ||     4
Armor: Scale mail        |    48 |    57 |       ||   105
       Chain mail        |       |    50 |     1 ||    51
Dodge: Dodged            |    50 |    73 |     4 ||   127
Block: Buckler           |    24 |    41 |     2 ||    67
